 Dungeon Crawl Stone Soup version 0.20-a0-309-gcba9277 (webtiles) character file.

38 CursedShadow the Conjurer (level 3, 0/31 HPs)
             Began as a Troll Conjurer on Dec 19, 2016.
             Slain by an orc
             ... wielding a +0 hand axe
              (3 damage)
             ... on level 3 of the Dungeon.
             The game lasted 00:07:42 (822 turns).

CursedShadow the Conjurer (Troll Conjurer)           Turns: 822, Time: 00:07:43

Health: 0/31       AC:  5    Str: 15 (16) XL:     3   Next: 25%
Magic:  1/4        EV: 10    Int:  9 (12) God:
Gold:   117        SH:  0    Dex:  7 (10) Spells: 3/4 levels left

rFire  . . .     SeeInvis .     i - +0 short sword
rCold  . . .     Gourm    +     a - +0 robe
rNeg   . . .     Faith    .     (no shield)
rPois  .         Spirit   .     (helmet restricted)
rElec  .         Reflect  .     (no cloak)
rCorr  .         Harm     .     (gloves unavailable)
MR     .....                    (boots unavailable)
Stlth  +.........               (no amulet)
                                (no ring)
                                (no ring)

@: no status effects
A: unfitting armour, claws 3, fast metabolism 3, gourmand, regeneration 1,
shaggy fur 1, tough skin 2
a: no special abilities


You were on level 3 of the Dungeon.
You were not hungry.

You visited 1 branch of the dungeon, and saw 3 of its levels.

You collected 117 gold pieces.

Inventory:

Hand Weapons
 i - a +0 short sword (weapon)
Missiles
 d - 16 bolts
 h - 7 stones (quivered)
Armour
 a - a +0 robe (worn)
Scrolls
 e - a scroll of amnesia
Books
 b - a book of Conjurations

   Spells                             Type                      Level
   a - Magic Dart                     Conjuration                  1
   b - Searing Ray                    Conjuration                  2
   c - Dazzling Spray                 Conjuration/Hexes            3
   d - Fulminant Prism                Conjuration/Hexes            4
   e - Iskenderun's Mystic Blast      Conjuration                  4
   f - Iskenderun's Battlesphere      Conjuration/Charms           5
Comestibles
 c - a bread ration
 f - a slice of pizza


   Skills:
 + Level 0.1 Short Blades
 + Level 2.3 Dodging
 + Level 1.1 Stealth
 + Level 0.2 Unarmed Combat
 + Level 1.4 Spellcasting
 + Level 3.2 Conjurations


You had 3 spell levels left.
You knew the following spells:

 Your Spells              Type           Power        Failure   Level  Hunger
a - Magic Dart            Conj           #...         12%         1    ##.....


Dungeon Overview and Level Annotations

Branches:
Dungeon (2/15)

Altars:
Xom


Innate Abilities, Weirdness & Mutations

You are too large for most types of armour.
You have claws for hands.
Your metabolism is lightning-fast.
You like to eat raw meat.
Your natural rate of healing is unusually fast.
You are covered in fur. (AC +1)
You have very tough skin. (AC +2)


Message History

Confirm with . or Enter, or press ? or * to list all spells.
Aiming: Magic Dart
Press: ? - help, Shift-Dir - straight line, f/p - orc
Aim: an orc, wielding a falchion (lightly wounded)
The magic dart hits the orc.
The orc is moderately wounded.
The orc priest hits you but does no damage.
The orc hits you but does no damage. The orc completely misses you.
You closely miss the orc. The orc hits you but does no damage.
The orc priest hits you from afar with a trident!
The orc closely misses you. The orc hits you but does no damage.
The orc hits you with a hand axe. The orc hits you with a falchion.
* * * LOW HITPOINT WARNING * * *
The orc hits you with a hand axe.
* * * LOW HITPOINT WARNING * * *
You hit the orc.
The orc is heavily wounded.
The orc hits you but does no damage. The orc hits you with a hand axe.
You die...

*,,,,,...........##+## *,,,,*
,,,,,,..........##...##* *,,,,*
,,,,,,......(..........***,,,,***
,,,,,,................,,>,,,,,,,,
,,,,,,.............##*,*,#..,,,**
,,,,,,..............##,*,#....,*
,,,,,,........l......#,*,#...[,**
,,,,,,....).†.ooo....#,#,#.....,,
,,,,,,........oo@....#.#.#....###
,,,,,,........o......#.#.#.......
,,,,,,...................+.......
,,,,,,.........).....#.#.#.......
,,,,,,...............#.#.#......†
,,,,,,...............#.#.#.......
,,,,,,...............#.#.#.......
,,,,,,,,,...........##'#'#.).....
,,,,,,,,,,,...............†[†[...


You could see an orc priest, 5 orcs and a frilled lizard.

Vanquished Creatures
  An adder (D:3)
  A worm (D:3)
  4 orcs (D:3)
  7 bats
  A goblin (D:1)
  A hobgoblin (D:1)
  A ball python (D:3)
  2 frilled lizards
  2 kobolds (D:1)
  5 rats
25 creatures vanquished.

Notes
Turn   | Place    | Note
-------+----------+-------------------------------------------
     0 | D:1      | CursedShadow the Troll Conjurer began the quest for the Orb.
     0 | D:1      | Reached XP level 1. HP: 16/16 MP: 1/1
    14 | D:1      | Reached skill level 3 in Conjurations
   389 | D:1      | Reached XP level 2. HP: 14/24 MP: 0/3
   632 | D:2      | Found a shimmering altar of Xom.
   633 | D:2      | Found a shimmering altar of Xom.
   654 | D:2      | Found a shimmering altar of Xom.
   656 | D:2      | Found a shimmering altar of Xom.
   657 | D:2      | Found a shimmering altar of Xom.
   657 | D:2      | Found a shimmering altar of Xom.
   657 | D:2      | Found a shimmering altar of Xom.
   661 | D:2      | You are sucked into a shaft!
   721 | D:3      | Reached XP level 3. HP: 14/31 MP: 0/4
   822 | D:3      | Slain by an orc

Vault maps used:
D:1:      dpeg_arrival_tiny_c, interstate_on_off
D:2:      xom_redecorated
D:3:      serial_curves, eino_curves_01, eino_curves_04,
          chequers_ecumenical_altar_simple_redux, st_stairs_4, uniq_iyjb

Skill      XL: |  1  2 |
---------------+-------+-----
Conjurations   | 3 |  3.2
Dodging        | 2 |  2.3
Short Blades   | |  0.1
Stealth        | |  1.1
Unarmed Combat | |  0.2
Spellcasting   | |  1.4

Action                   || total
-------------------------++-------
Melee: Club              ||    28
       Unarmed           ||     6
       Short sword       ||    46
 Cast: Magic Dart        ||    25
  Use: Scroll            ||     5
       Potion            ||     5
 Stab: Sleeping          ||     1
  Eat: Bread ration      ||     1
       Beef jerky        ||     1
Armor: Robe              ||    80
Dodge: Dodged            ||    93
